 Dungeon Crawl Stone Soup version 0.21-a0-352-g5b8f553 (webtiles) character file.

5651 tidbits the Gouger (level 10, 50/50 HPs)
             Began as a Felid Necromancer on Oct 10, 2017.
             Was a High Priest of Makhleb.
             Quit the game on level 11 of the Dungeon.
             The game lasted 01:37:47 (6503 turns).

tidbits the Gouger (Felid Necromancer)              Turns: 6503, Time: 01:37:48

Health: 50/50      AC:  2    Str:  9    XL:     10   Next: 46%
Magic:  18/18      EV: 25    Int: 21    God:    Makhleb [*****.]
Gold:   316        SH:  0    Dex: 17    Spells: 0/18 levels left
                                        Lives:  1   Deaths: 2

rFire    . . .     SeeInvis +     - Unarmed
rCold    + . .     Gourm    .   (shield unavailable)
rNeg     + . .     Faith    .   (armour unavailable)
rPois    +         Spirit   .   (helmet unavailable)
rElec    .         Reflect  .   (cloak unavailable)
rCorr    .         Harm     .   (gloves unavailable)
MR       +....     Rnd*Tele +   (boots unavailable)
Stlth    ++++......             h - amulet of magic regeneration
HPRegen  0.16/turn              g - +4 ring of strength
MPRegen  0.41/turn              k - ring "Wuul" {rPois rN+ Str-2 Int+4}

@: quick
A: no armour, no weapons or thrown items, stealth, claws 1, fangs 3, see
invisible, carnivore 3, cold resistance 1, speed 1, robust 1, shaggy fur 2, slow
metabolism 1, teleportitis 1, evolution 1, sharp paws
a: Minor Destruction, Lesser Servant of Makhleb, Major Destruction, Greater
Servant of Makhleb, Renounce Religion


You were on level 11 of the Dungeon.
You worshipped Makhleb.
Makhleb was extremely pleased with you.
You were not hungry.

You visited 3 branches of the dungeon, and saw 14 of its levels.
You also visited: Ossuary.

You collected 406 gold pieces.
You spent 90 gold pieces at shops.

Inventory:

Missiles
 f - 287 arrows
 i - 7 curare-tipped needles
Jewellery
 g - a +4 ring of strength (left paw)
   (You found it on level 6 of the Dungeon)
 h - an amulet of magic regeneration (around neck)
   (You found it on level 1 of the Dungeon)
 k - the ring "Wuul" (right paw) {rPois rN+ Str-2 Int+4}
   (You acquired it on level 7 of the Dungeon)

   [ring of positive energy]

   It affects your strength (-2).
   It affects your intelligence (+4).
   It protects you from poison.
   It protects you from negative energy.
 y - an uncursed ring of teleportation
   (You found it on level 9 of the Dungeon)
 B - a +2 ring of intelligence
   (You found it on level 10 of the Dungeon)
 E - an uncursed amulet of rage {unknown}
   (You took it off an orc on level 7 of the Dungeon)
 G - the amulet of the Four Winds {rN+ MR+++ Clar}
   (You found it on level 6 of the Dungeon)

   [amulet of nothing]

   It protects you from negative energy.
   It affects your resistance to hostile enchantments.
   It protects you against confusion.
 P - an uncursed ring of poison resistance
   (You found it on level 3 of the Dungeon)
 V - a +2 ring of evasion
   (You found it on level 9 of the Dungeon)
Wands
 c - a wand of confusion (0/48)
 j - a wand of random effects (0/48)
 m - a wand of lightning (0/15)
 p - a wand of polymorph (8/24)
 q - a wand of random effects (0/48)
 u - a wand of digging (9/24)
 v - a wand of confusion (0/48)
 C - a wand of digging (0/24)
 J - a wand of flame (19/48)
Scrolls
 d - 3 scrolls of teleportation
 e - a scroll of fog
 r - 6 scrolls of remove curse
 w - 2 scrolls of enchant weapon {unknown}
 D - a scroll of fear {unknown}
 F - a scroll of magic mapping
 H - a scroll of blinking {unknown}
Potions
 l - a potion of heal wounds
 o - 3 potions of curing
 s - a potion of haste
 z - 2 potions of might
 I - a potion of brilliance {unknown}
Books
 a - a book of Necromancy

   Spells                             Type                      Level
   a - Pain                           Necromancy                   1
   b - Animate Skeleton               Necromancy                   1
   c - Vampiric Draining              Necromancy                   3
   d - Regeneration                   Charms/Necromancy            3
   e - Animate Dead                   Necromancy                   4
   f - Control Undead                 Necromancy                   4
 n - a book of Air
   (You found it on level 8 of the Dungeon)

   Spells                             Type                      Level
   a - Shock                          Conjuration/Air              1
   b - Swiftness                      Charms/Air                   2
   c - Static Discharge               Conjuration/Air              3
   d - Airstrike                      Air                          4
   e - Lightning Bolt                 Conjuration/Air              5
 t - a book of Cantrips
   (You found it on level 9 of the Dungeon)

   Spells                             Type                      Level
   a - Confusing Touch                Hexes                        1
   b - Animate Skeleton               Necromancy                   1
   c - Summon Small Mammal            Summoning                    1
   d - Apportation                    Translocation                1
Comestibles
 b - 2 meat rations
 x - a chunk of flesh
 A - 3 royal jellies


   Skills:
 + Level 6.6 Fighting
 + Level 9.2 Dodging
 + Level 7.5 Stealth
 * Level 10.4 Unarmed Combat
 - Level 4.8 Spellcasting
 - Level 4.5 Charms
 - Level 6.3 Necromancy
 - Level 5.6 Invocations
 - Level 4.4 Evocations


You couldn't memorise any spells.
You knew the following spells:

 Your Spells              Type           Power        Failure   Level  Hunger
a - Pain                  Necr           ####         1%          1    None
b - Apportation           Tloc           #.....       11%         1    None
n - Animate Skeleton      Necr           N/A          1%          1    None
r - Regeneration          Chrm/Necr      ####......   3%          3    ##.....
t - Confusing Touch       Hex            #.....       11%         1    None
u - Control Undead        Necr           ####......   9%          4    ####...
v - Vampiric Draining     Necr           ####......   2%          3    ##.....
N - Animate Dead          Necr           N/A          9%          4    ####...


Dungeon Overview and Level Annotations

Branches:
Dungeon (12/15)            Temple (1/1) D:5            Lair (0/6) D:11
    Orc (1/2) D:10

Altars:
Ashenzari
Cheibriados
Dithmenos
Elyvilon
Fedhas
Gozag
Hepliaklqana
Kikubaaqudgha
Makhleb
Nemelex Xobeh
Okawaru
Qazlal
Ru
Sif Muna
Trog
Uskayaw
Vehumet
Wu Jian
Xom
Zin
The Shining One
Beogh

Shops:
D:5 =%?   D:6 *


Innate Abilities, Weirdness & Mutations

You cannot wear armour.
You are incapable of wielding weapons or throwing items.
Your paws allow you to move quietly. (Stealth)
You have sharp claws.
You have razor-sharp teeth.
You have supernaturally acute eyesight. (SInv)
You are carnivorous and can eat meat at any time.
You cover ground quickly.
You are covered in thick fur. (AC +2)
You have a slow metabolism.
Your sharp claws are effective at attacking unaware monsters.
Your flesh is cold resistant. (rC+)
You are robust. (+10% HP)
You are occasionally teleported next to monsters.
You evolve.


Message History

Casting: Regeneration
Confirm with . or Enter, or press ? or * to list all spells.
You miscast Confusing Touch.
You are very lightly contaminated with residual magic.
Your skin glows momentarily.
The centaur wields a shortbow.
The centaur shoots an arrow.
The arrow hits you! The ice beast barely misses you.
The centaur shoots an arrow.
The arrow completely misses you.
There is an open door here.
Your skin stops crawling.
Casting: Confusing Touch
Confirm with . or Enter, or press ? or * to list all spells.
Your skin crawls.
You closely miss the ice beast. The ice beast closely misses you.
You scratch the ice beast.
The ice beast is lightly wounded.
The ice beast completely misses you.
You claw the ice beast!
The ice beast is heavily wounded.
The ice beast misses you.
You barely miss the ice beast.
The ice beast is heavily wounded.
Casting: Regeneration
Confirm with . or Enter, or press ? or * to list all spells.
Aiming: Vampiric Draining
Press: ? - help, Shift-Dir - straight line, f - ice beast
Aim: an ice beast (heavily wounded)
The ice beast is almost dead.
You feel life coursing into your body. The ice beast barely misses you.
You scratch the ice beast but do no damage.
The ice beast is almost dead.
The ice beast closely misses you.
Some of the chunks of flesh in your inventory have rotted away.
You scratch the ice beast.
You kill the ice beast!
Makhleb accepts your kill.
You feel better.
Your skin is crawling a little less now.
There is an open door here.
f - 264 arrows (gained 2)
Your skin stops crawling.
Your magical contamination has completely faded away.
The centaur shouts!
The centaur shoots an arrow.
The arrow completely misses you.
The centaur shoots an arrow.
The arrow completely misses you.
The centaur unwields an uncursed shortbow.
The centaur closely misses you.
Casting: Vampiric Draining
Confirm with . or Enter, or press ? or * to list all spells.
Your paws begin to glow red.
The centaur misses you.
You scratch the centaur but do no damage.
The centaur appears confused.
You bite the centaur, but do no damage.
The centaur cries.
There is an open door here.
You claw the centaur!
The centaur is severely wounded.
You pounce on the helpless centaur from behind!
You mangle the centaur!!
You kill the centaur!
Makhleb accepts your kill.
f - 287 arrows (gained 23)
You see here an uncursed shortbow.
Casting: Confusing Touch
Confirm with . or Enter, or press ? or * to list all spells.
Okay, then.
Press: ? - help, v - describe, . - travel, g - get item A lamp of fire.
The floor.
You see here an uncursed shortbow.
There is an open door here.
Casting: Confusing Touch
Confirm with . or Enter, or press ? or * to list all spells.
Your paws begin to glow red.
The skeletal warrior completely misses you.
The skeletal warrior hits you with a trident!!
There is an open door, spattered with blood here.
You scratch the skeletal warrior but do no damage.
You barely miss the skeletal warrior. The skeletal warrior misses you.
You scratch the skeletal warrior but do no damage.
The skeletal warrior appears confused.
You pounce on the helpless skeletal warrior from behind!
You mangle the skeletal warrior!! Your bite misses the skeletal warrior.
The skeletal warrior is moderately damaged.
The skeletal warrior closely misses you.
You scratch the skeletal warrior but do no damage.
The skeletal warrior is moderately damaged.
You scratch the skeletal warrior but do no damage.
Your bite misses the skeletal warrior.
The skeletal warrior is moderately damaged.
The skeletal warrior seems less confused.
The skeletal warrior hits you with a trident!
* * * LOW HITPOINT WARNING * * *
Casting: Confusing Touch
Confirm with . or Enter, or press ? or * to list all spells.
Your paws begin to glow red.
The skeletal warrior hits you with a trident!!
You die...
You are now level 10!
You rejoin the land of the living...
Are you sure you want to abandon this character and quit the game? (Confirm with "yes".)

##########
#..#.#.#@#
#.# #.#.#.#
#..###.###.#
#.#.#.#.#
#.#
#..#.#.#.#
#.#
#.########
## #.# #.#
#.# #...


There were no monsters in sight!

Vanquished Creatures
  3 two-headed ogres
  Pikel (D:7)
  The ghost of Yermak the Insei, a novice DgTm (D:7)
  2 trolls (D:10)
  2 hornets
  Prince Ribbit (D:8)
  A hippogriff (D:7)
  A shadow (D:10)
  7 yaks (D:12)
  A wyvern (D:8)
  Duvessa (D:7)
  An acid dragon (D:11)
  9 orc warriors
  2 slaves (D:7)
  An eye of draining (D:10)
  A sky beast (D:11)
  A necrophage (D:8)
  2 black bears (D:7)
  2 ice beasts
  5 ogres
  6 centaurs
  A crocodile (D:9)
  3 bullfrogs
  2 big kobolds
  Blork the orc (D:6)
  3 water moccasin zombies (Ossuary)
  Dowan (D:7)
  A gnoll sergeant (D:6)
  A water moccasin skeleton (D:5)
  3 scorpions
  3 killer bees (D:8)
  5 wights
  3 crimson imps
  A bullfrog zombie (D:11)
  6 jellies
  A quasit (D:6)
  2 centaur skeletons
  3 orc priests
  2 hounds
  7 orc wizards
  2 bullfrog skeletons (D:10)
  3 iguanas
  A worker ant (D:7)
  A killer bee zombie (D:7)
  2 big kobold zombies (Ossuary)
  A hound zombie (D:6)
  A hound skeleton (D:11)
  2 mummies (Ossuary)
  A worker ant zombie (D:11)
  4 gnolls
  A howler monkey skeleton (D:8)
  14 adders
  2 shadow imps
  An ooze (D:3)
  8 adder zombies (Ossuary)
  A leopard gecko (D:1)
  34 orcs
  3 bats (D:2)
  A giant cockroach (D:5)
  4 goblins
  3 hobgoblins
  10 jackals
  A quokka (D:7)
  4 frilled lizards
  2 gnoll zombies (Ossuary)
  3 hobgoblin zombies (Ossuary)
  2 kobolds
  5 kobold zombies (Ossuary)
  A leopard gecko zombie (D:6)
  6 orc zombies (Ossuary)
  4 rats
228 creatures vanquished.

Vanquished Creatures (collateral kills)
  A skeletal warrior (D:10)
  The ghost of tidbits the Insei, a novice GnTm of Makhleb (D:10)
  The ghost of Edirash the Conjurer, a novice DgCj (D:6)
  A yak (D:12)
  Eustachio (D:6)
  A hungry ghost (D:8)
  An orc warrior (D:12)
  A black bear (D:9)
  A bullfrog (D:12)
  A scorpion (D:10)
  4 killer bees (D:10)
  2 orc priests
  A shadow imp (D:10)
  5 orcs
  A kobold (D:7)
23 creatures vanquished.

Vanquished Creatures (others)
  A slave (D:7)
  A centaur (D:6)
  4 kobolds (D:7)
6 creatures vanquished.

Grand Total: 257 creatures vanquished

Notes
Turn   | Place    | Note
-------+----------+-------------------------------------------
     0 | D:1      | tidbits the Felid Necromancer began the quest for the Orb.
     0 | D:1      | Reached XP level 1. HP: 7/7 MP: 4/4
   114 | D:1      | Reached skill level 1 in Unarmed Combat
   238 | D:2      | Found a burning altar of Makhleb.
   239 | D:2      | Reached skill level 2 in Unarmed Combat
   239 | D:2      | Reached XP level 2. HP: 4/11 MP: 6/6
   245 | D:2      | Became a worshipper of Makhleb the Destroyer
   280 | D:2      | Learned a level 1 spell: Animate Skeleton
   431 | D:2      | Reached XP level 3. HP: 2/14 MP: 7/7
   479 | D:2      | Reached skill level 3 in Unarmed Combat
   548 | D:3      | Learned a level 3 spell: Regeneration
   577 | D:3      | Reached XP level 4. HP: 5/18 MP: 3/8
   726 | D:3      | Noticed a phantom
   828 | D:3      | Reached skill level 4 in Unarmed Combat
  1094 | D:4      | Reached skill level 3 in Dodging
  1209 | D:5      | Entered Level 5 of the Dungeon
  1228 | D:5      | Found Deqiru Cuclu's Jewellery Boutique.
  1239 | D:5      | Noticed a centaur
  1259 | D:5      | Found a staircase to the Ecumenical Temple.
  1268 | Temple   | Entered the Ecumenical Temple
  1349 | D:5      | Reached skill level 1 in Fighting
  1349 | D:5      | Reached XP level 5. HP: 5/22 MP: 9/9
  1416 | D:5      | Found Kuos's Magic Scroll Emporium.
  1426 | D:5      | Bought 3 scrolls of identify for 90 gold pieces
  1474 | D:5      | Noticed an ogre
  1499 | D:5      | HP: 1/22 [ogre/giant club (10)]
  1513 | D:5      | Killed an ogre
  1513 | D:5      | Reached skill level 5 in Unarmed Combat
  1558 | D:5      | Reached skill level 2 in Fighting
  1558 | D:5      | Reached skill level 4 in Dodging
  1558 | D:5      | Gained mutation: You are covered in thick fur. (AC +2) [Felid growth]
  1558 | D:5      | Reached XP level 6. HP: 1/26 MP: 3/10
  1563 | D:5      | Learned a level 3 spell: Vampiric Draining
  1642 | D:6      | Found an iron altar of Okawaru.
  1642 | D:6      | Found a bloodstained altar of Trog.
  1703 | D:5      | Found Zatofeuj's Food Shop.
  1714 | D:6      | Noticed Edirash's ghost (novice DgCj)
  1749 | D:6      | Found Sexoism's General Store.
  1772 | D:6      | Noticed an orc warrior
  1774 | D:6      | Noticed an orc warrior
  1838 | D:5      | Shot with an arrow by a centaur
  1839 | D:5      | Reached XP level 5. HP: -2/23 MP: 9/9
  2023 | D:7      | Reached skill level 3 in Stealth
  2023 | D:7      | Reached XP level 6. HP: 21/27 MP: 4/10
  2037 | D:7      | Found a sand-covered staircase.
  2104 | D:7      | Reached skill level 4 in Stealth
  2123 | Ossuary  | Entered an ossuary
  2128 | Ossuary  | Reached * piety under Makhleb
  2208 | Ossuary  | Reached skill level 5 in Stealth
  2328 | Ossuary  | Reached XP level 7. HP: 26/30 MP: 11/11
  2357 | Ossuary  | Reached skill level 6 in Unarmed Combat
  2414 | Ossuary  | Reached skill level 3 in Fighting
  2419 | Ossuary  | Reached ** piety under Makhleb
  2419 | Ossuary  | Reached skill level 5 in Dodging
  2473 | D:7      | Noticed Pikel
  2510 | D:7      | Killed Pikel
  2510 | D:7      | Reached skill level 6 in Dodging
  2510 | D:7      | Reached skill level 7 in Unarmed Combat
  2510 | D:7      | Reached XP level 8. HP: 36/36 MP: 12/12
  2519 | D:7      | Reached skill level 4 in Fighting
  2520 | D:7      | Identified a scroll of acquirement
  2521 | D:7      | Got a steaming pewter ring
  2522 | D:7      | Identified the ring "Wuul" {rPois rN+ Str-2 Int+4} (You acquired it on level 7 of the Dungeon)
  2630 | D:8      | Noticed Prince Ribbit
  2772 | D:9      | Reached skill level 1 in Charms
  2839 | D:9      | Reached skill level 2 in Charms
  2856 | D:9      | Learned a level 1 spell: Apportation
  2923 | D:10     | Entered Level 10 of the Dungeon
  3024 | D:9      | Reached skill level 3 in Spellcasting
  3056 | D:9      | Reached skill level 3 in Charms
  3096 | D:9      | Reached skill level 5 in Necromancy
  3217 | D:8      | Reached skill level 4 in Charms
  3224 | D:8      | Reached XP level 9. HP: 38/39 MP: 0/15
  3322 | D:9      | Reached skill level 4 in Spellcasting
  3387 | D:9      | Found a sacrificial altar of Ru.
  3387 | D:9      | Found a hide-covered altar of Uskayaw.
  3392 | D:9      | Found a faded altar of an unknown god.
  3394 | D:9      | Found a snail-covered altar of Cheibriados.
  3395 | D:9      | Found a shadowy altar of Dithmenos.
  3480 | D:9      | Reached skill level 6 in Necromancy
  3514 | D:10     | Noticed a troll
  3566 | D:10     | Killed a troll
  3569 | D:10     | Noticed a troll
  3575 | D:10     | Reached *** piety under Makhleb
  3585 | D:10     | Killed a troll
  3585 | D:10     | Reached skill level 8 in Unarmed Combat
  3615 | D:10     | Reached skill level 7 in Dodging
  3697 | D:10     | Noticed tidbits's ghost (novice GnTm)
  3760 | D:10     | Killed tidbits's ghost
  3760 | D:10     | Reached skill level 5 in Fighting
  3832 | D:11     | Found a staircase to the Lair.
  3911 | D:11     | Learned a level 4 spell: Control Undead
  3916 | D:11     | Learned a level 4 spell: Animate Dead
  3958 | D:10     | Reached **** piety under Makhleb
  3962 | D:10     | Reached XP level 10. HP: 39/44 MP: 1/18
  3982 | D:10     | Found a staircase to the Orcish Mines.
  3990 | Orc:1    | Entered Level 1 of the Orcish Mines
  3990 | Orc:1    | Found a roughly hewn altar of Beogh.
  3990 | Orc:1    | Noticed an orc knight
  4070 | D:10     | Reached skill level 9 in Unarmed Combat
  4078 | D:10     | Noticed a two-headed ogre
  4094 | D:10     | Killed a two-headed ogre
  4094 | D:10     | Reached skill level 8 in Dodging
  4116 | D:11     | Noticed a two-headed ogre
  4132 | D:11     | Killed a two-headed ogre
  4132 | D:11     | Reached skill level 6 in Stealth
  4138 | D:11     | Reached skill level 6 in Fighting
  4181 | D:11     | Noticed a skeletal warrior
  4181 | D:11     | Noticed a skeletal warrior
  4214 | D:11     | Noticed a skeletal warrior
  4263 | D:12     | Reached skill level 1 in Invocations
  4271 | D:12     | Reached skill level 2 in Invocations
  4275 | D:12     | Reached skill level 3 in Invocations
  4407 | D:12     | Reached skill level 4 in Invocations
  4445 | D:11     | Noticed a skeletal warrior
  4574 | D:11     | Noticed an unseen horror
  4730 | D:10     | Killed a skeletal warrior
  4774 | D:8      | Noticed a two-headed ogre
  4827 | D:8      | Killed a two-headed ogre
  4827 | D:8      | Reached skill level 5 in Invocations
  4827 | D:8      | Reached XP level 11. HP: 42/48 MP: 19/19
  4900 | D:8      | Reached skill level 1 in Evocations
  5005 | D:8      | Reached skill level 2 in Evocations
  5097 | D:7      | Reached skill level 3 in Evocations
  5159 | D:7      | Reached ***** piety under Makhleb
  5186 | D:6      | Noticed Eustachio
  5247 | D:6      | Killed Eustachio
  5247 | D:6      | Reached skill level 4 in Evocations
  5401 | D:6      | Noticed Blork the orc
  5403 | D:6      | Killed Blork the orc
  5450 | D:6      | Found the amulet of the Four Winds {rN+ MR+++ Clar}
  5466 | D:7      | Noticed Yermak's ghost (novice DgTm)
  5615 | D:6      | Killed Edirash's ghost
  5629 | D:6      | Gained mutation: Your flesh is cold resistant. (rC+) [potion of mutation]
  5629 | D:6      | Gained mutation: You are occasionally teleported next to monsters. [potion of mutation]
  5629 | D:6      | Gained mutation: You are robust. (+10% HP) [potion of mutation]
  5629 | D:6      | Gained mutation: You evolve. [potion of mutation]
  5687 | D:7      | Reached skill level 10 in Unarmed Combat
  5715 | D:7      | Noticed Duvessa
  5762 | D:7      | Killed Duvessa
  5770 | D:7      | Noticed Dowan
  5800 | D:7      | Killed Dowan
  5819 | D:8      | Learned a level 1 spell: Confusing Touch
  5832 | D:8      | Killed Prince Ribbit
  5832 | D:8      | Reached skill level 7 in Stealth
  5945 | D:7      | Found a shimmering altar of Xom.
  6020 | D:7      | Killed Yermak's ghost
  6020 | D:7      | Reached skill level 9 in Dodging
  6341 | D:11     | Noticed a five-headed hydra
  6345 | D:11     | Noticed a two-headed ogre
  6400 | D:12     | Noticed an unseen horror
  6491 | D:11     | Slain by a skeletal warrior
  6492 | D:11     | Reached XP level 10. HP: -3/50 MP: 18/18
  6503 | D:11     | Quit the game

Vault maps used:
D:1:      elethiomel_arrival_quiet, grunt_decor_fettered
D:2:      overflow_temple_1_default, minmay_hexomino_c4
D:3:      first_bread
D:5:      minmay_temple_entry_statues_fountains, serial_shops,
          nicolae_shop_trees, nicolae_shop_crystal, shop
D:6:      grunt_temple_overflow_bloody_war, serial_shops, shop,
          kennysheep_cross_bottleneck, fountainhead, sword_in_stone,
          uniq_eustachio, uniq_edmund, uniq_blork_the_orc
D:7:      tgw_xom, nicolae_ossuary_entry_false_entrances, grunt_ministairs_1,
          uniq_duvessa, uniq_pikel
D:8:      uniq_prince_ribbit1
D:9:      chequers_temple_overflow_minitemple, blue_anna_alchemist,
          hangedman_decor_peaks_small
D:10:     hiddenorc1_lemuel
D:11:     minmay_lair_entry_lava, roderic_roman_lattice, hangedman_incinerator
Temple:   eino_narrow_crystal_temple
Orc:1:    basic_altar
Ossuary:  ossuary_tomb_2

Skill      XL: |  1  2  3  4  5  6  7  8  9 10 11 |
---------------+----------------------------------+-----
Unarmed Combat | 2 3 4 5 7 8 9 10 | 10.4
Dodging        | 3 4 6 7 8 9 |  9.2
Fighting       | 1 2 3 4 5 6 |  6.6
Stealth        | 3 5 6 7 |  7.5
Charms         | 4 |  4.5
Spellcasting   | 3 4 |  4.8
Necromancy     | 5 6 |  6.3
Invocations    | 5 |  5.6
Evocations     | 4 |  4.4

Action                   |  1- 3 |  4- 6 |  7- 9 | 10-12 || total
-------------------------+-------+-------+-------+-------++-------
Melee: Unarmed           |     8 |   147 |   219 |   315 ||   689
       Bite              |     1 |    15 |    23 |    23 ||    62
       Punch             |       |     6 |     9 |    13 ||    28
 Cast: Pain              |    33 |    56 |    84 |    94 ||   267
       Animate Skeleton  |     3 |     3 |    10 |    32 ||    48
       Regeneration      |     1 |    23 |    29 |    28 ||    81
       Vampiric Draining |       |       |    40 |    40 ||    80
       Apportation       |       |       |     5 |       ||     5
       Animate Dead      |       |       |     2 |     1 ||     3
       Control Undead    |       |       |       |     6 ||     6
       Confusing Touch   |       |       |       |    15 ||    15
Invok: Lesser Servant of |       |       |       |     5 ||     5
Evoke: Wand              |       |    29 |    14 |    37 ||    80
  Use: Scroll            |     3 |     5 |     7 |     2 ||    17
       Potion            |     1 |     1 |     5 |     8 ||    15
 Stab: Sleeping          |     4 |     8 |     5 |     7 ||    24
       Confused          |       |     4 |     3 |    15 ||    22
       Distracted        |       |       |     1 |       ||     1
  Eat: Chunk             |       |     7 |    15 |    14 ||    36
Armor: Skin              |       |    12 |    48 |    10 ||    70
Dodge: Dodged            |     4 |    88 |   260 |   344 ||   696

Table legend:
 A = Spawn XP
 B = Non-spawn XP
 C = Spawn XP percentage of total XP
 D = Spawn monster count
 E = Non-spawn monster count
 F = Spawn count percentage of total count
 G = Total turns spent on level
                    A         B        C        D         E        F      G
               +---------+---------+-------+---------+---------+-------+---------
         Total |       0 |   16354 |   0.0 |       0 |     247 |   0.0 |  6503
               +---------+---------+-------+---------+---------+-------+---------
           D:1 |       0 |       6 |   0.0 |       0 |       4 |   0.0 |   223
           D:2 |       0 |      75 |   0.0 |       0 |      14 |   0.0 |   343
           D:3 |       0 |      49 |   0.0 |       0 |      13 |   0.0 |   419
           D:4 |       0 |      55 |   0.0 |       0 |       2 |   0.0 |   228
           D:5 |       0 |     308 |   0.0 |       0 |       8 |   0.0 |   446
           D:6 |       0 |    1237 |   0.0 |       0 |      20 |   0.0 |   638
           D:7 |       0 |    2976 |   0.0 |       0 |      33 |   0.0 |   943
           D:8 |       0 |    2462 |   0.0 |       0 |      23 |   0.0 |   647
           D:9 |       0 |    1419 |   0.0 |       0 |      22 |   0.0 |   658
          D:10 |       0 |    3609 |   0.0 |       0 |      45 |   0.0 |   874
          D:11 |       0 |    1883 |   0.0 |       0 |      14 |   0.0 |   449
          D:12 |       0 |    1840 |   0.0 |       0 |      17 |   0.0 |   228
         Orc:1 |       0 |      42 |   0.0 |       0 |       1 |   0.0 |     4
       Ossuary |       0 |     393 |   0.0 |       0 |      31 |   0.0 |   337
               +---------+---------+-------+---------+---------+-------+---------

Table legend:
 A = Turns spent in this place as a percentage of turns spent in the entire game.
 B = Non-inter-level travel turns spent in this place as a percentage of non-inter-level travel turns spent in the entire game.
 C = Inter-level travel turns spent in this place as a percentage of turns spent in this place.
 D = Turns resting spent in this place as a percentage of non-inter-level travel turns spent in this place.
 E = Turns spent auto-exploring this place as a percentage of non-inter-level travel turns spent in this place.
 F = Non-inter-level travel turns spent in this place divided by the number of levels of this place that you've seen.
                   A       B       C       D       E      F
               +-------+-------+-------+-------+-------+----------------------
         Total | 100.0 | 100.0 |   2.2 |   0.4 |   0.0 | 423.9
       Dungeon |  93.7 |  93.7 |   2.2 |   0.4 |   0.0 | 496.6
        Temple |   1.0 |   0.9 |  10.6 |   0.0 |   0.0 |  59.0
  Orcish Mines |   0.1 |   0.1 |   0.0 |   0.0 |   0.0 |   4.0
       Ossuary |   5.2 |   5.3 |   0.0 |   0.0 |   0.0 | 337.0
               +-------+-------+-------+-------+-------+----------------------

Table legend:
 A = Kills in this place as a percentage of kills in entire the game.
 B = Kills by you in this place as a percentage of kills by you in the entire game.
 C = Kills by friends in this place as a percentage of kills by friends in the entire game.
 D = Other kills in this place as a percentage of other kills in the entire game.
 E = Experience gained in this place as a percentage of experience gained in the entire game.
 F = Experience gained in this place divided by the number of levels of this place that you have seen.
                   A       B       C       D       E      F
               +-------+-------+-------+-------+-------+----------------------
         Total | 100.0 | 100.0 | 100.0 | 100.0 | 100.0 | 1090.3
       Dungeon |  87.0 |  85.5 | 100.0 | 100.0 |  97.3 | 1326.6
  Orcish Mines |   0.4 |   0.5 |   0.0 |   0.0 |   0.3 |  42.0
       Ossuary |  12.6 |  14.1 |   0.0 |   0.0 |   2.4 | 393.0
               +-------+-------+-------+-------+-------+----------------------

Vault maps used:
D:1:      elethiomel_arrival_quiet, grunt_decor_fettered
D:2:      overflow_temple_1_default, minmay_hexomino_c4
D:3:      first_bread
D:5:      minmay_temple_entry_statues_fountains, serial_shops,
          nicolae_shop_trees, nicolae_shop_crystal, shop
D:6:      grunt_temple_overflow_bloody_war, serial_shops, shop,
          kennysheep_cross_bottleneck, fountainhead, sword_in_stone,
          uniq_eustachio, uniq_edmund, uniq_blork_the_orc
D:7:      tgw_xom, nicolae_ossuary_entry_false_entrances, grunt_ministairs_1,
          uniq_duvessa, uniq_pikel
D:8:      uniq_prince_ribbit1
D:9:      chequers_temple_overflow_minitemple, blue_anna_alchemist,
          hangedman_decor_peaks_small
D:10:     hiddenorc1_lemuel
D:11:     minmay_lair_entry_lava, roderic_roman_lattice, hangedman_incinerator
Temple:   eino_narrow_crystal_temple
Orc:1:    basic_altar
Ossuary:  ossuary_tomb_2
